 Dungeon Crawl Stone Soup version 0.23-a0-121-g4413648 (webtiles) character file.

33 drasked the Firebug (level 3, -1/19 HPs)
             Began as a Deep Elf Fire Elementalist on Aug 25, 2018.
             Slain by a worker ant (6 damage)
             ... on level 2 of the Dungeon.
             The game lasted 00:03:18 (1169 turns).

drasked the Firebug (Deep Elf Fire Elementalist)    Turns: 1169, Time: 00:03:19

Health: -1/19      AC:  2    Str:  5    XL:     3   Next: 12%
Magic:  4/9        EV: 13    Int: 20    God:
Gold:   58         SH:  0    Dex: 15    Spells: 2/8 levels left

rFire    . . .     SeeInvis .   d - +0 club
rCold    . . .     Gourm    .   (no shield)
rNeg     . . .     Faith    .   a - +0 robe
rPois    .         Spirit   .   (no helmet)
rElec    .         Reflect  .   (no cloak)
rCorr    .         Harm     .   (no gloves)
MR       .....                  (no boots)
Stlth    ++........             (no amulet)
HPRegen  0.06/turn              (no ring)
MPRegen  0.11/turn              (no ring)

@: no status effects
A: no striking features
a: no special abilities


You were on level 2 of the Dungeon.
You were hungry.

You visited 1 branch of the dungeon, and saw 2 of its levels.

You collected 58 gold pieces.

Inventory:

Hand Weapons
 d - a +0 club (weapon)
   (You took it off a kobold on level 1 of the Dungeon)
Missiles
 e - a throwing net {=f, !d}
Armour
 a - a +0 robe (worn)
Scrolls
 b - a scroll of blinking {unknown}
 i - a scroll of identify {unknown}
 j - a scroll of amnesia {unknown}
 k - 3 scrolls of teleportation {unknown}
 l - a scroll of random uselessness {unknown}
Potions
 f - 2 potions of curing {unknown}
 g - a potion of flight {unknown}
 h - a potion of agility {unknown}
Comestibles
 c - 3 rations


   Skills:
 - Level 2.4 Dodging
 - Level 2.4 Stealth
 - Level 3.0 Spellcasting
 + Level 2.5 Conjurations
 + Level 4.1 Fire Magic


You had 2 spell levels left.
You knew the following spells:

 Your Spells              Type           Power        Failure   Level  Hunger
a - Flame Tongue          Conj/Fire      ###..        3%          1    None
c - Conjure Flame         Conj/Fire      ###.....     11%         3    ###....
x - Throw Flame           Conj/Fire      ###...       5%          2    ##.....

Your spell library contained the following spells:

 Spells                   Type           Power        Failure   Level  Hunger
 Inner Flame              Hex/Fire       ##......     19%         3    ###....
 Sticky Flame             Conj/Fire      ###.....     36%         4    ####...
 Fireball                 Conj/Fire      ###.......   71%         5    ######.


Dungeon Overview and Level Annotations

Branches:
Dungeon (2/15)

Altars:


Message History

a whip; a kobold corpse You now have 42 gold pieces (gained 11).
You now have 53 gold pieces (gained 11).
l - a scroll labeled WANERAM UZIXE
f - 2 purple potions (gained 1)
Things that are here:
a club; a hobgoblin corpse
Things that are here:
a club; a goblin corpse
Things that are here:
a whip; a kobold corpse You found a teleport trap!
There is an open door here.
You see here a club.
There is an open door here.
There is an open door here.
As you open the door, it creaks loudly!
There is an open door here.
As you open the door, it creaks loudly!
There is an open door here.
There is an open door here.
There is an open door here.
You see here a stone.
There is an open door here.
As you open the door, it creaks loudly!
There is an open door here.
You open the door.
Found an escape hatch in the floor.
There is an open door here.
Done exploring.
Done exploring.
Done exploring.
Done exploring.
There is an open door here.
There is an open door here.
There is a stone staircase leading down here.
You climb downwards.
There is a stone staircase leading up here.
A bat and a goblin come into view.
Aim: a goblin, wielding a club (resting)
The flame tongue hits the goblin.
You kill the goblin!
You now have 8/9 mp.
Aim: a bat The flame tongue hits the bat.
The bat appears unharmed.
The bat hits you.
You take 1 damage, and have 18/19 hp.
You now have 7/9 mp.
Aim: a bat The flame tongue hits the bat.
You kill the bat!
You now have 6/9 mp.
You are feeling hungry.
You may need something to eat soon, looking for food.
Can't find anything matching that.
Sorry, you're not good enough to have a special ability.
You see here a club.
You now have 58 gold pieces (gained 5).
A kobold comes into view.
Health restored: 19 You regained 2 mp, and now have 8/9 mp.
The kobold shouts!
Aim: a kobold The flame tongue hits the kobold.
You kill the kobold!
You now have 7/9 mp.
You may need something to eat soon, looking for food.
Can't find anything matching that.
Sorry, you're not good enough to have a special ability.
You see here a kobold corpse.
The kobold corpse isn't edible.
A rat comes into view.
A worker ant comes into view.
MP restored: 9 You can't see any susceptible monsters within range! (Use Z to cast anyway.)
You can't see any susceptible monsters within range! (Use Z to cast anyway.)
The worker ant twitches its antennae in your direction.
Aim: a worker ant The flame tongue hits the worker ant.
The worker ant bites you.
You take 5 damage, and have 14/19 hp.
MASSIVE DAMAGE!!
You now have 8/9 mp.
Aim: a worker ant (lightly wounded)
The flame tongue hits the worker ant.
The worker ant appears unharmed.
The worker ant bites you.
You take 4 damage, and have 10/19 hp.
MASSIVE DAMAGE!!
You now have 7/9 mp.
Aim: a worker ant (lightly wounded)
The flame tongue hits the worker ant.
The worker ant closely misses you.
You now have 6/9 mp.
Aim: a worker ant (heavily wounded)
The flame tongue hits the worker ant.
The rat barely misses you. The worker ant bites you.
* * * LOW HITPOINT WARNING * * *
You take 6 damage, and have 5/19 hp.
MASSIVE DAMAGE!!
You now have 5/9 mp.
Aim: a worker ant (heavily wounded)
The flame tongue hits the worker ant.
The worker ant appears unharmed.
The rat bites you but does no damage. The worker ant bites you.
You die...

############.#
#....†.......#####
#.#########..##...
#.# #..##.## #.#
#.....#. #.#
#...###. #.#
#..)#<#. #.#
#...#... #@#
#...#### #..ar...#
#....... #.......#
#.#.#### #.......#
#....... #..$....#
###.#### #.......#
#.# #.......# #.#
#..%....# #.. ###


You could see a worker ant and a rat.

Vanquished Creatures
  A leopard gecko (D:1)
  4 giant cockroaches (D:1)
  4 goblins
  3 hobgoblins (D:1)
  7 kobolds
  5 bats
  2 frilled lizards (D:1)
  3 rats (D:1)
29 creatures vanquished.

Notes
Turn   | Place    | Note
-------+----------+-------------------------------------------
     0 | D:1      | drasked the Deep Elf Fire Elementalist began the quest for the Orb.
     0 | D:1      | Reached XP level 1. HP: 10/10 MP: 6/6
   143 | D:1      | Reached XP level 2. HP: 15/15 MP: 0/8
   248 | D:1      | Reached skill level 2 in Conjurations
   436 | D:1      | Learned a level 2 spell: Throw Flame
   738 | D:1      | Reached skill level 4 in Fire Magic
   744 | D:1      | Reached XP level 3. HP: 19/19 MP: 2/9
   749 | D:1      | Learned a level 3 spell: Conjure Flame
  1169 | D:2      | Slain by a worker ant

Vault maps used:
D:1:      arrival_zaba_pyramid, hangedman_decor_points, minmay_nonomino_d4
D:2:      lemuel_crystal_altar, chequers_ecumenical_altar_simple_redux,
          roderic_serpentine_path

Skill      XL: |  1  2 |
---------------+-------+-----
Conjurations   | 2 |  2.5
Fire Magic     | 4 |  4.1
Dodging        | |  2.4
Stealth        | |  2.4
Spellcasting   | |  3.0

Action                   || total
-------------------------++-------
Melee: Club              ||     1
 Cast: Flame Tongue      ||    51
Armor: Robe              ||     6
Dodge: Dodged            ||    29

Table legend:
 A = Non-vault XP
 B = Vault XP
 C = Vault XP percentage of total XP
 D = Non-vault monster count
 E = Vault monster count
 F = Vault count percentage of total count
                 A         B        C        D         E       F
            +---------+---------+-------+---------+---------+-------
      Total |      41 |       7 |  14.6 |      25 |       4 |  13.8
            +---------+---------+-------+---------+---------+-------
        D:1 |      36 |       7 |  16.3 |      22 |       4 |  15.4
        D:2 |       5 |       0 |   0.0 |       3 |       0 |   0.0
            +---------+---------+-------+---------+---------+-------

Vault maps used:
D:1:      arrival_zaba_pyramid, hangedman_decor_points, minmay_nonomino_d4
D:2:      lemuel_crystal_altar, chequers_ecumenical_altar_simple_redux,
          roderic_serpentine_path

Table legend:
 A = Turns spent in this place as a percentage of turns spent in the entire game.
 B = Non-inter-level travel turns spent in this place as a percentage of non-inter-level travel turns spent in the entire game.
 C = Inter-level travel turns spent in this place as a percentage of turns spent in this place.
 D = Turns resting spent in this place as a percentage of non-inter-level travel turns spent in this place.
 E = Turns spent auto-exploring this place as a percentage of non-inter-level travel turns spent in this place.
 F = Non-inter-level travel turns spent in this place divided by the number of levels of this place that you've seen.
                   A       B       C       D       E      F
               +-------+-------+-------+-------+-------+----------------------
         Total | 100.0 | 100.0 |   1.2 |  30.2 |  55.6 | 577.5
       Dungeon | 100.0 | 100.0 |   1.2 |  30.2 |  55.6 | 577.5
               +-------+-------+-------+-------+-------+----------------------

Table legend:
 A = Kills in this place as a percentage of kills in entire the game.
 B = Kills by you in this place as a percentage of kills by you in the entire game.
 C = Kills by friends in this place as a percentage of kills by friends in the entire game.
 D = Other kills in this place as a percentage of other kills in the entire game.
 E = Experience gained in this place as a percentage of experience gained in the entire game.
 F = Experience gained in this place divided by the number of levels of this place that you have seen.
                   A       B       C       D       E      F
               +-------+-------+-------+-------+-------+----------------------
         Total | 100.0 | 100.0 |   N/A |   N/A | 100.0 |  24.0
       Dungeon | 100.0 | 100.0 |   N/A |   N/A | 100.0 |  24.0
               +-------+-------+-------+-------+-------+----------------------
